cohdb
Replays
Latest Replays
All Replays
Popular Replays
Top Player Replays
Match Explorer
How It Works
Community
CoH3 Stats
Reddit
Sign in to upload your games and track your stats! →
Sign in with Steam
Match 37436125
Unlisted
Match 37436125
Overview
Messages
Build Orders
End
Scout Squad
Construct Weapon Support Center
Selects Airborne Battlegroup
Selects Pathfinders
M1919 Machine Gun Team
M1919 Machine Gun Team
Engineer Squad
Mechanized Support Center
M3 Armored Personnel Carrier
Designate Forward Repair Station
Selects Paratrooper Squad Paradrop
Onoyk
ShiftyParadigm
Heywooo
Ra11
Hawker Typoon
Ju 87 Scuba Dive Boner
0
0
Comments
sign in to comment!
No comments posted yet!